Map: 나이트쉐이드 - 래더

Players

Lambo

  • Race: Zerg Zerg
  • Spawn Location: 5:00

TYTY (TY) - Winner!

  • Race: Terran Terran
  • Spawn Location: 11:00

Event: IEM Katowice 2020

VOD

Have the link to the VOD?

Description

Time

  • Played on: Feb. 28, 2020, 11:31 a.m.
  • Length: 5:42

All games in this series

Show
View Real Time Build Order
Export as new Build Order

Lambo Zerg 

Build Orders: Hatch First 

Get SALT Encoding   

  12  0:01  Drone  
  13  0:12  Overlord  
  13  0:18  Drone  
  14  0:31  Drone x2  
  16  0:47  Hatchery  
  15  0:51  Drone  
  15  0:54  Drone  
  17  0:57  Drone  
  18  1:08  Extractor  
  17  1:12  Spawning Pool  
  17  1:15  Drone  
  17  1:20  Drone  
  18  1:28  Drone  
  19  1:39  Drone  
  20  1:59  Queen x2  
  20  2:00  Zergling x6  
  27  2:15  Metabolic Boost  
  27  2:16  Overlord  
  27  2:21  Drone  
  28  2:30  Hatchery  
  28  2:31  Drone  
  28  2:36  Drone  
  29  2:38  Drone  
  29  2:41  Drone  
  31  2:45  Drone  
  31  2:48  Overlord  
  32  2:56  Queen  
  34  2:59  Drone  
  34  3:01  Drone  
  36  3:07  Drone x2  
  36  3:10  Drone x2  
  40  3:16  Drone  
  41  3:20  Drone  
  41  3:21  Zergling x2  
  41  3:25  Zergling x2  
  44  3:28  Roach Warren  
  43  3:34  Drone  
  43  3:41  Extractor  
  43  3:42  Drone x3  
  43  3:43  Extractor, Overlord  
  43  3:45  Overlord  
  43  3:47  Drone  
  45  3:51  Zergling x2  
  45  3:54  Zergling x2  
  45  3:57  Zergling x2  
  40  4:06  Drone x2  
  38  4:12  Roach x3  
  38  4:16  Roach x2  
  46  4:20  Roach  
  46  4:21  Roach  
  46  4:23  Roach  
  52  4:27  Roach  
  54  4:32  Roach  
  54  4:37  Roach  
  58  4:45  Zergling x10  
  63  4:49  Zergling x2  
  64  4:53  Zergling x2  
  64  4:57  Overlord  
  64  4:59  Ravager  
  66  5:05  Overlord  
  65  5:18  Zergling x10  
  65  5:20  Ravager  
  71  5:22  Zergling x2  
Show
View Real Time Build Order
Export as new Build Order

TYTY Terran - Winner!

Build Orders: Gas First Reaper Expand, Hellion Opening 

Get SALT Encoding   

  12  0:00  SCV  
  13  0:12  SCV  
  14  0:17  Supply Depot  
  14  0:24  SCV  
  14  0:28  Refinery  
  15  0:38  SCV  
  16  0:44  Barracks  
  16  0:50  SCV  
  17  1:02  SCV  
  18  1:15  SCV  
  19  1:31  Reaper  
  19  1:32  Orbital Command  
  20  1:41  Command Center  
  20  1:51  Factory  
  20  1:58  SCV  
  21  2:05  Supply Depot  
  21  2:06  Barracks Reactor  
  21  2:10  SCV  
  21  2:14  Refinery  
  22  2:22  SCV  
  23  2:34  SCV  
  24  2:41  Starport  
  24  2:46  SCV, Hellion x2  
  29  2:53  Orbital Command  
  29  2:58  SCV  
  30  3:07  Hellion x2  
  30  3:11  SCV  
  35  3:17  Starport Tech Lab  
  35  3:18  Fusion Core  
  35  3:21  SCV  
  35  3:24  SCV  
  37  3:32  Marine  
  37  3:33  SCV  
  39  3:36  Hellion  
  39  3:38  SCV  
  39  3:39  Supply Depot  
  42  3:42  Hellion  
  42  3:45  SCV  
  45  3:50  SCV  
  43  3:57  SCV  
  43  4:02  SCV  
  48  4:09  SCV, Bunker, Battlecruiser  
  50  4:16  Supply Depot  
  50  4:17  Marine x2  
  50  4:18  SCV  
  50  4:21  SCV  
  52  4:30  SCV  
  53  4:33  SCV  
  53  4:37  Marine x2  
  56  4:42  Command Center  
  56  4:43  SCV  
  56  4:45  SCV, Supply Depot  
  57  4:47  Factory Tech Lab  
  58  4:53  Refinery  
  58  4:55  SCV, Marine x2  
  58  4:57  SCV, Bunker  
  56  5:09  Siege Tank  
  56  5:12  Supply Depot x2  
  56  5:13  Marine  
  60  5:14  Marine, Bunker  
  60  5:17  SCV  
  62  5:25  Engineering Bay  
  56  5:41  Engineering Bay  

Tags
 
Add a new tag
Caveats
  • Supply blocks, unpowered buildings, or Contaminate may cause inaccurate times.
  • Supply counts are checked every 10 seconds.